 Dungeon Crawl Stone Soup version 0.21.1-1-g345015f (webtiles) character file.

14503 shakethe the Cleaver (level 11, 0/94 HPs)
             Began as a Demonspawn Fighter on Feb 18, 2018.
             Was an Elder of Makhleb.
             Slain by shakethe's ghost (16 damage)
             ... on level 1 of the Lair of Beasts.
             The game lasted 01:11:16 (20906 turns).

shakethe the Cleaver (Demonspawn Fighter)          Turns: 20906, Time: 01:11:16

Health: 0/94       AC: 26    Str: 16    XL:     11   Next: 89%
Magic:  0/15       EV:  7    Int: 14    God:    Makhleb [****..]
Gold:   750        SH:  0    Dex: 17    Spells: 8/15 levels left

rFire    + . .     SeeInvis +   d - +5 battleaxe
rCold    . . .     Gourm    .   (shield currently unavailable)
rNeg     . . .     Faith    +   P - +6 chain mail of Vanity {rF+ Int+2}
rPois    .         Spirit   +   (helmet unavailable)
rElec    .         Reflect  .   K - +2 cloak
rCorr    .         Harm     .   m - +2 pair of gloves
MR       .....                  a - +2 pair of boots
Stlth    ..........             w - amulet of faith {Faith, !P}
HPRegen  0.25/turn              n - ring of stealth {Stlth+}
MPRegen  0.14/turn              G - +3 ring of dexterity

@: drained
A: antennae 3, rugged brown scales 1, powered by death 2, magic shield
a: Minor Destruction, Lesser Servant of Makhleb, Major Destruction, Renounce
Religion


You were on level 1 of the Lair of Beasts.
You worshipped Makhleb.
Makhleb was greatly pleased with you.
You were not hungry.

You visited 4 branches of the dungeon, and saw 16 of its levels.

You collected 750 gold pieces.

Inventory:

Hand Weapons
 d - a +5 battleaxe (weapon)
   (You took it off a skeletal warrior on level 10 of the Dungeon)
 r - a +0 war axe
   (You found it on level 12 of the Dungeon)
 E - the +8 rapier of the Empty Page {flame, *Contam rElec MR++, unknown}
   (You found it on level 6 of the Dungeon)

   It has been specially enchanted to burn those struck by it, causing extra
   injury to most foes and up to half again as much damage against particularly
   susceptible opponents.
   It insulates you from electricity.
   It affects your resistance to hostile enchantments.
   It causes magical contamination when unequipped.
 M - a +2 morningstar
   (You took it off a wight on level 11 of the Dungeon)
Missiles
 C - a throwing net {=f, !d}
Armour
 a - a +2 pair of boots (worn)
   (You found it on level 1 of the Lair of Beasts)
 c - a +0 shield
 m - a +2 pair of gloves (worn)
   (You found it on level 2 of the Dungeon)
 K - a +2 cloak (worn)
   (You found it on level 10 of the Dungeon)
 L - a scarf of resistance
   (You found it on level 11 of the Dungeon)
 P - the +6 chain mail of Vanity (worn) {rF+ Int+2}
   (You found it on level 11 of the Dungeon)

   It affects your intelligence (+2).
   It protects you from fire.
Jewellery
 n - a ring of stealth (left hand) {Stlth+}
   (You took it off a goblin on level 2 of the Dungeon)
 v - an uncursed ring of stealth {Stlth+}
   (You took it off a crimson imp on level 6 of the Dungeon)
 w - an amulet of faith (around neck) {Faith, !P}
   (You took it off an orc on level 3 of the Dungeon)
 B - an uncursed ring of fire {rF+, rC-}
   (You found it on level 5 of the Dungeon)
 D - the ring of the Sturgeon {rCorr +Inv Slay-4 Stlth+}
   (You found it on level 5 of the Dungeon)

   [ring of resist corrosion]

   It affects your accuracy and damage with ranged weapons and melee attacks
   (-4).
   It lets you turn invisible.
   It makes you more stealthy.
 G - a +3 ring of dexterity (right hand)
   (You found it on level 10 of the Dungeon)
Wands
 b - a wand of flame (17)
   (You took it off Ijyb on level 4 of the Dungeon)
 x - a wand of iceblast (8)
   (You found it on level 1 of the Lair of Beasts)
 y - a wand of polymorph (33)
   (You found it on level 5 of the Dungeon)
Scrolls
 e - a scroll of enchant armour
 i - 2 scrolls of fear
 l - a scroll of immolation {unknown}
 p - 5 scrolls of teleportation
 q - a scroll of identify
Potions
 g - 2 potions of ambrosia
 h - 3 potions of brilliance
 j - a potion of curing
 o - 2 potions of magic
 A - 4 potions of flight
Books
 F - a book of Frost
   (You found it on level 6 of the Dungeon)
 H - a book of Battle
   (You found it on level 8 of the Dungeon)
 N - a book of Minor Magic
   (You found it on level 11 of the Dungeon)
Miscellaneous
 t - a fan of gales (inert)
   (You found it on level 9 of the Dungeon)
Comestibles
 f - 15 rations


   Skills:
 + Level 10.4(10.2) Fighting
 * Level 12.7(12.5) Axes
 + Level 5.2(5.1) Armour
 - Level 2.6(2.5) Shields
 + Level 2.7(2.5) Spellcasting
 + Level 2.8(2.7) Charms
 + Level 3.5(3.3) Necromancy
 + Level 2.8(2.6) Translocations
 + Level 3.6(3.5) Invocations


You had 8 spell levels left.
You knew the following spells:

 Your Spells              Type           Power        Failure   Level  Hunger
a - Shroud of Golubria    Chrm/Tloc      #.........   86%         2    ###....
b - Blink                 Tloc           N/A          86%         2    ###....
r - Regeneration          Chrm/Necr      ##........   96%         3    ###....


Dungeon Overview and Level Annotations

Branches:
Dungeon (13/15)            Temple (1/1) D:6            Lair (1/6) D:11
    Orc (1/2) D:10
 Vaults: D:13-14

Altars:
Ashenzari
Cheibriados
Dithmenos
Elyvilon
Fedhas
Gozag
Hepliaklqana
Kikubaaqudgha
Makhleb
Nemelex Xobeh
Okawaru
Qazlal
Ru
Sif Muna
Trog
Uskayaw
Vehumet
Wu Jian
Xom
Yredelemnul
Zin
The Shining One
Jiyva

Shops:
D:7 *

Annotations:
D:3 Terence
Lair:1 shakethe's ghost, journeyman TrMo


Innate Abilities, Weirdness & Mutations

You have a pair of large antennae on your head. (SInv)
You are partially covered in rugged brown scales. (AC +1, +3% HP)
You regenerate health from kills.
When hurt, damage is shared between your health and your magic reserves.


Message History

You bump into the rock wall.
You regained 5 hp, and now have 46/94 hp.
You bump into the rock wall.
You feel less invigorated.
You feel less confused.
You regained 5 hp, and now have 51/94 hp.
You start resting.
Health restored: 94 Search for what [Enter for "orcish", or ? for help]? lair
There is a stone staircase leading down, spattered with blood here.
You climb downwards.
There is a stone staircase leading up, spattered with blood here.
There is an open door here.
There is a staircase to the Lair here.
You see here a trident.
You see here a trident.
There is a staircase to the Lair here.
There is a staircase to the Lair here.
You see here a trident.
There is a staircase to the Lair here.
You climb downwards.
Welcome back to the Lair of Beasts!
Level annotation: shakethe's ghost, journeyman TrMo Shakethe's ghost completely misses you.
There is a staircase back to the Dungeon, spattered with blood here.
You see here a -1 mace.
Okay, then.
Okay, then.
A fierce wind blows from the fan.
Shakethe's ghost is blown away by the wind.
Okay, then.
A demon appears!
You take 4 damage, and have 90/94 hp.
You slash shakethe's ghost! Shakethe's ghost hits you!
You feel your power leaking away.
Your neqoxec barely misses shakethe's ghost.
You take 12 damage, and have 78/94 hp.
You now have 1/15 mp.
You barely miss shakethe's ghost.
Shakethe's ghost hits you but does no damage.
Your neqoxec hits shakethe's ghost but does no damage.
You slice shakethe's ghost!!
Shakethe's ghost hits you but does no damage.
Your neqoxec gestures.
What are your orders? t - Shout!
Orders for allies: a - Attack new target. r - Retreat! s - Stop attacking. g - Guard the area. f - Follow me.
Anything else - Cancel.
Gang up on whom?
Aim: shakethe's ghost, wielding an antimagic weapon (lightly damaged) Attack!
Your ufetubus barely misses shakethe's ghost.
Your ufetubus splashes around in the water.
Shakethe's ghost hits you but does no damage.
Your neqoxec hits shakethe's ghost but does no damage.
You closely miss shakethe's ghost.
Your ufetubus barely misses shakethe's ghost.
Your ufetubus splashes around in the water.
Shakethe's ghost closely misses you.
Your ufetubus misses shakethe's ghost.
Your ufetubus completely misses shakethe's ghost.
You closely miss shakethe's ghost.
Your ufetubus barely misses shakethe's ghost.
Your ufetubus hits shakethe's ghost but does no damage.
Shakethe's ghost hits you!!
You feel your power leaking away.
Your neqoxec misses shakethe's ghost.
Your crimson imp completely misses shakethe's ghost.
Your white imp closely misses shakethe's ghost.
You take 30 damage, and have 49/94 hp.
MASSIVE DAMAGE!!
You now have 0/15 mp.
You barely miss shakethe's ghost.
Your ufetubus hits shakethe's ghost but does no damage.
Your ufetubus misses shakethe's ghost. Shakethe's ghost barely misses you.
Your neqoxec barely misses shakethe's ghost.
Your ufetubus misses shakethe's ghost.
Your ufetubus closely misses shakethe's ghost.
Your crimson imp barely misses shakethe's ghost.
Your white imp misses shakethe's ghost.
You miss shakethe's ghost.
Your ufetubus closely misses shakethe's ghost.
Your ufetubus hits shakethe's ghost but does no damage.
Shakethe's ghost hits you.
Your neqoxec closely misses shakethe's ghost.
Your crimson imp barely misses shakethe's ghost.
Your white imp closely misses shakethe's ghost.
Your ufetubus completely misses shakethe's ghost.
Your ufetubus hits shakethe's ghost but does no damage.
You take 3 damage, and have 47/94 hp.
You hit shakethe's ghost. Shakethe's ghost hits you!!
* * * LOW HITPOINT WARNING * * *
Your neqoxec hits shakethe's ghost. Your ufetubus misses shakethe's ghost.
Your ufetubus hits shakethe's ghost but does no damage.
Your crimson imp barely misses shakethe's ghost.
Your white imp barely misses shakethe's ghost.
You take 31 damage, and have 16/94 hp.
MASSIVE DAMAGE!!
Your ufetubus completely misses shakethe's ghost.
Your ufetubus closely misses shakethe's ghost.
Shakethe's ghost hits you!
You die...

#### ####≈≈## ##≈≈≈≈≈≈## .## #
###≈≈..P.≈≈###.P
.#######≈≈≈......≈≈##.#
..#..#≈≈≈........≈≈##.##
.......P...###535≈≈##..#
.......W.####..W@≈≈##..##
.......### ###.5≈≈##...#
......## #≈≈≈###...##
......###### ######.....#
...#.#.....########.>....#
.........................##
..........................#
P..#...W..................####
...........................#.#


You could see shakethe's ghost, a friendly neqoxec, a friendly crimson imp, a
friendly white imp and a friendly ufetubus.

Vanquished Creatures
  2 two-headed ogres
  3 skeletal warriors
  An ugly thing (D:11)
  A centaur zombie (D:10)
  A hornet (D:9)
  2 trolls
  7 hippogriffs
  4 yaks (D:11)
  Sigmund (D:3)
  2 wyverns
  Edmund (D:3)
  3 wargs (D:11)
  3 hell hounds (D:10)
  2 sky beasts (D:11)
  A porcupine (D:11)
  3 phantoms
  A hornet zombie (D:10)
  5 orc warriors
  A black bear (D:8)
  8 ogres
  A necrophage (D:12)
  4 centaurs
  2 crocodiles
  Blork the orc (D:4)
  6 bullfrogs
  A gnoll sergeant (D:8)
  2 wyvern zombies
  A wyvern skeleton (D:12)
  A water moccasin skeleton (D:9)
  2 scorpions
  14 killer bees
  9 wights
  9 crimson imps
  2 quasits
  2 bullfrog zombies
  3 jellies
  8 hounds
  9 orc priests
  13 orc wizards
  Ijyb (D:4)
  4 iguanas
  Natasha (twice) (D:3)
  9 worker ants
  2 hound skeletons
  A worker ant zombie (D:8)
  8 gnolls
  20 adders
  4 shadow imps
  12 white imps (D:12)
  2 oozes
  2 adder zombies
  An adder skeleton (D:4)
  3 worms (D:2)
  10 dart slugs
  10 leopard geckos
  69 orcs
  7 bats
  8 giant cockroaches
  14 goblins
  16 hobgoblins
  16 jackals
  17 kobolds
  6 quokkas
  3 ball pythons
  5 frilled lizards
  A jackal skeleton (D:2)
  A leopard gecko skeleton (D:7)
  A leopard gecko zombie (D:8)
  11 rats
  A fungus (Lair:1)
  A plant (D:11)
410 creatures vanquished.

Vanquished Creatures (collateral kills)
  The ghost of Dioder the Fighter, a novice DsFi of Ru (Lair:1)
  2 spiny frogs (D:11)
  A water moccasin (D:11)
4 creatures vanquished.

Grand Total: 414 creatures vanquished

Notes
Turn   | Place    | Note
-------+----------+-------------------------------------------
     0 | D:1      | shakethe the Demonspawn Fighter began the quest for the Orb.
     0 | D:1      | Reached XP level 1. HP: 18/18 MP: 1/1
    81 | D:1      | Reached skill level 2 in Axes
   176 | D:1      | Gained mutation: You have a pair of small antennae on your head. [demonic ancestry]
   176 | D:1      | Reached XP level 2. HP: 17/24 MP: 2/2
   527 | D:1      | Gained mutation: You have a pair of antennae on your head. [demonic ancestry]
   527 | D:1      | Reached XP level 3. HP: 25/29 MP: 3/3
   786 | D:2      | Reached skill level 3 in Axes
   806 | D:2      | Found a shimmering altar of Xom.
  1082 | D:2      | Gained mutation: You regenerate a little health from kills. [demonic ancestry]
  1082 | D:2      | Reached XP level 4. HP: 13/37 MP: 4/4
  1472 | D:1      | HP: 8/37 [gnoll (4)]
  1837 | D:2      | Reached skill level 4 in Fighting
  1856 | D:2      | Reached skill level 4 in Axes
  1964 | D:2      | Gained mutation: When hurt, damage is shared between your health and your magic reserves. [demonic ancestry]
  1964 | D:2      | Reached XP level 5. HP: 37/42 MP: 5/5
  2269 | D:3      | Found a faded altar of an unknown god.
  2269 | D:3      | Noticed Sigmund
  2779 | D:3      | Noticed Terence
  3151 | D:3      | Gained mutation: You have a pair of large antennae on your head. (SInv) [demonic ancestry]
  3151 | D:3      | Reached XP level 6. HP: 15/49 MP: 4/6
  3366 | D:2      | Reached skill level 5 in Axes
  3639 | D:3      | Killed Sigmund
  3639 | D:3      | Reached skill level 5 in Fighting
  3659 | D:3      | Noticed Natasha
  3667 | D:3      | Killed Natasha
  3839 | D:3      | Noticed Natasha
  3845 | D:3      | Killed Natasha
  4014 | D:3      | Reached XP level 7. HP: 52/56 MP: 5/7
  4153 | D:4      | Noticed Ijyb
  4165 | D:4      | Killed Ijyb
  4195 | D:4      | Reached skill level 6 in Axes
  4444 | D:4      | Noticed Blork the orc
  4469 | D:4      | Killed Blork the orc
  4604 | D:4      | Noticed Edmund
  4717 | D:3      | Killed Edmund
  4717 | D:3      | Reached skill level 6 in Fighting
  4717 | D:3      | Reached skill level 7 in Axes
  5033 | D:4      | Reached XP level 8. HP: 60/64 MP: 6/8
  5439 | D:4      | Found a blossoming altar of Fedhas.
  5494 | D:5      | Entered Level 5 of the Dungeon
  5494 | D:5      | Found a hide-covered altar of Uskayaw.
  5494 | D:5      | Noticed a dagger
  5494 | D:5      | Noticed a dagger
  5498 | D:5      | Noticed a hippogriff
  5515 | D:5      | Killed a hippogriff
  5581 | D:5      | Reached skill level 8 in Axes
  6336 | D:5      | Got a twitching platinum ring
  6426 | D:4      | Identified the ring of the Sturgeon {rCorr +Inv Slay-4 Stlth+} (You found it on level 5 of the Dungeon)
  6789 | D:6      | Reached skill level 7 in Fighting
  7049 | D:6      | Got a brightly glowing rapier
  7059 | D:6      | Found an ancient bone altar of Kikubaaqudgha.
  7060 | D:6      | Found a basalt altar of Yredelemnul.
  7060 | D:6      | Found a glowing silver altar of Zin.
  7062 | D:6      | Found a hazy altar of Hepliaklqana.
  7062 | D:6      | Found a sparkling altar of Nemelex Xobeh.
  7064 | D:6      | Found a deep blue altar of Sif Muna.
  7065 | D:6      | Found a glowing golden altar of the Shining One.
  7308 | D:6      | Found a staircase to the Ecumenical Temple.
  7357 | D:6      | Reached skill level 9 in Axes
  7378 | Temple   | Entered the Ecumenical Temple
  7422 | Temple   | Became a worshipper of Makhleb the Destroyer
  7798 | D:6      | Gained mutation: You regenerate health from kills. [demonic ancestry]
  7798 | D:6      | Reached XP level 9. HP: 69/72 MP: 7/9
  7941 | D:7      | HP: 12/72 [orc warrior/glaive (15)]
  8439 | D:7      | Found Nefulegh's Assorted Antiques.
  8607 | D:7      | Reached * piety under Makhleb
  9576 | D:7      | Reached skill level 8 in Fighting
  9789 | D:8      | Reached skill level 10 in Axes
  9881 | D:8      | Noticed a two-headed ogre
  9939 | D:8      | Killed a two-headed ogre
 10170 | D:8      | HP: 11/75 [wyvern (11)]
 10173 | D:8      | HP: 5/75 [wyvern (6)]
 10183 | D:8      | HP: 6/75 [wyvern (2)]
 10185 | D:8      | HP: 2/75 [wyvern (4)]
 10210 | D:7      | HP: 3/75 [wyvern (3)]
 10579 | D:7      | Reached XP level 10. HP: 52/82 MP: 6/10
 10827 | D:8      | Reached skill level 9 in Fighting
 10832 | D:8      | Reached skill level 11 in Axes
 11087 | D:8      | Reached ** piety under Makhleb
 11526 | D:8      | Found a sacrificial altar of Ru.
 11877 | D:9      | Learned a level 3 spell: Regeneration
 12037 | D:9      | Reached skill level 3 in Armour
 12457 | D:10     | Entered Level 10 of the Dungeon
 12907 | D:10     | Reached *** piety under Makhleb
 12940 | D:10     | Found a staircase to the Orcish Mines.
 13008 | D:10     | Reached skill level 4 in Armour
 13226 | D:10     | Reached skill level 12 in Axes
 13253 | D:10     | Reached **** piety under Makhleb
 13432 | D:10     | Learned a level 2 spell: Shroud of Golubria
 13888 | D:11     | Noticed a green ugly thing
 13937 | D:11     | Killed a green ugly thing
 13937 | D:11     | Reached skill level 10 in Fighting
 13937 | D:11     | Reached skill level 1 in Necromancy
 13937 | D:11     | Gained mutation: You are partially covered in rugged brown scales. (AC +1, +3% HP) [demonic ancestry]
 13937 | D:11     | Reached XP level 11. HP: 63/92 MP: 8/12
 14284 | D:11     | Reached skill level 1 in Spellcasting
 14284 | D:11     | Reached skill level 1 in Charms
 14284 | D:11     | Reached skill level 1 in Translocations
 14538 | D:11     | Learned a level 2 spell: Blink
 14596 | D:11     | Reached skill level 1 in Invocations
 14746 | D:11     | Got a scorched chain mail
 14861 | D:11     | Found a staircase to the Lair.
 15408 | D:12     | Noticed a two-headed ogre
 15408 | D:12     | Noticed a skeletal warrior
 15408 | D:12     | Noticed a skeletal warrior
 15408 | D:12     | Noticed a skeletal warrior
 15429 | D:11     | HP: 19/92 [skeletal warrior/battleaxe[a skeletal warrior] (17)]
 15430 | D:11     | Reached skill level 2 in Necromancy
 15434 | D:11     | HP: 19/92 [skeletal warrior/battleaxe[a skeletal warrior] (7)]
 15436 | D:11     | HP: 7/92 [skeletal warrior/battleaxe[a skeletal warrior] (20)]
 15482 | D:11     | HP: 8/92 [skeletal warrior/battleaxe[a skeletal warrior] (11)]
 15957 | D:10     | Killed a skeletal warrior
 15957 | D:10     | Reached skill level 2 in Invocations
 16138 | Lair:1   | Entered Level 1 of the Lair of Beasts
 16339 | Lair:1   | Noticed Dioder's ghost (novice DsFi)
 16379 | Lair:1   | Killed Dioder's ghost
 16379 | Lair:1   | Reached skill level 2 in Charms
 16379 | Lair:1   | Reached skill level 2 in Translocations
 16563 | D:11     | Reached skill level 2 in Spellcasting
 16584 | D:11     | HP: 23/93 [poisoned by a water moccasin]
 16589 | D:11     | HP: 19/93 [poisoned by a water moccasin]
 16594 | D:11     | HP: 15/93 [poisoned by a water moccasin]
 16599 | D:11     | HP: 13/93 [poisoned by a water moccasin]
 16606 | D:11     | HP: 12/93 [poisoned by a water moccasin]
 16613 | D:11     | HP: 12/93 [poisoned by a water moccasin]
 16621 | D:11     | HP: 12/93 [poisoned by a water moccasin]
 17069 | Lair:1   | Identified the +6 chain mail of Vanity {rF+ Int+2} (You found it on level 11 of the Dungeon)
 17150 | Lair:1   | Noticed shakethe's ghost (journeyman TrMo)
 17740 | D:11     | Killed a skeletal warrior
 17740 | D:11     | Reached skill level 5 in Armour
 17907 | D:11     | Killed a skeletal warrior
 17907 | D:11     | Reached skill level 3 in Invocations
 18411 | D:12     | Reached skill level 3 in Necromancy
 18645 | D:12     | Noticed a two-headed ogre
 18656 | D:12     | Killed a two-headed ogre
 19478 | D:12     | Noticed a death knight
 19478 | D:12     | Noticed a skeletal warrior
 19582 | D:13     | Noticed a tengu warrior
 19582 | D:13     | Noticed a two-headed ogre
 20426 | Orc:1    | Entered Level 1 of the Orcish Mines
 20426 | Orc:1    | Noticed an ettin
 20534 | D:10     | Noticed a hell knight
 20540 | D:10     | Noticed a hell knight
 20540 | D:10     | Noticed a hell knight
 20540 | D:10     | Noticed a hell knight
 20554 | D:10     | Noticed a necromancer
 20555 | D:10     | HP: 17/94 [necromancer/bolt of cold (23)]
 20556 | D:10     | Noticed a necromancer
 20558 | D:10     | Noticed a hell knight
 20905 | Lair:1   | HP: 16/94 [shakethe's ghost (31)]
 20906 | Lair:1   | Slain by shakethe's ghost

Skill      XL: |  1  2  3  4  5  6  7  8  9 10 11 |
---------------+----------------------------------+-----
Axes           | 2 3 4 5 7 9 10 12 | 12.7
Fighting       | 4 5 6 7 8 10 | 10.4
Armour         | 4 5 |  5.2
Necromancy     | 1 3 |  3.5
Spellcasting   | 2 |  2.7
Charms         | 2 |  2.8
Translocations | 2 |  2.8
Invocations    | 3 |  3.6
Shields        | |  2.6

Action                   |  1- 3 |  4- 6 |  7- 9 | 10-12 || total
-------------------------+-------+-------+-------+-------++-------
Melee: War axe           |   125 |   204 |   650 |   643 ||  1622
       Morningstar       |       |       |       |   214 ||   214
       Battleaxe         |       |       |       |    48 ||    48
Invok: Lesser Servant of |       |       |       |    11 ||    11
Evoke: Fan of gales      |       |       |       |     1 ||     1
  Use: Scroll            |       |       |    14 |    22 ||    36
       Potion            |       |       |     7 |    10 ||    17
 Stab: Distracted        |       |       |       |     2 ||     2
  Eat: Chunk             |       |     7 |     9 |    10 ||    26
       Ration            |       |     1 |     4 |     7 ||    12
Armor: Scale mail        |    64 |    91 |       |       ||   155
       Chain mail        |       |       |   506 |   628 ||  1134
Dodge: Dodged            |    33 |    58 |   126 |   220 ||   437
Block: Shield            |    65 |   122 |   312 |   308 ||   807

Vault maps used:
D:1:      dpeg_arrival_houses_and_road, serial_corexii_hall,
          corexii_hall_statues_deadend, corexii_hall_statues_l,
          corexii_hall_statues_x, corexii_hall_statues_deadend,
          corexii_hall_statues_l, corexii_hall_statues_deadend
D:2:      minmay_door_path, xom_teletrap_fun
D:3:      kennysheep_slugbush, chequers_ecumenical_altar_simple, first_ration,
          corexii_shack, minmay_misc_feat_enclosed, uniq_terence, uniq_sigmund,
          uniq_natasha
D:4:      fedhas_altar_4, minmay_misc_feat_doors, uniq_blork_the_orc,
          uniq_edmund, uniq_ijyb
D:5:      corexii_shantytown, dancing_weapons_uskayaw, serial_corexii_hall,
          corexii_hall_statues_s, corexii_hall_statues_u
D:6:      grunt_temple_overflow_open, minmay_temple_entry_statues_pillars
D:7:      serial_shops, nicolae_shop_waterfront
D:8:      lemuel_coloured_pillars_altar
D:9:      grunt_pizzeria
D:10:     hiddenorc2_lemuel, minmay_rotating_lava
D:11:     erik_lair_orcish_takeover
D:12:     portal_ice_cave_entry_imps, minmay_joined_circles
Temple:   pf_slimified_temple
Lair:1:   cheibrodos_lair_caveside_slide
Orc:1:    enter_volcano_2, library_closet, mines5_lemuel, uniq_snorg

Table legend:
 A = Turns spent in this place as a percentage of turns spent in the entire game.
 B = Non-inter-level travel turns spent in this place as a percentage of non-inter-level travel turns spent in the entire game.
 C = Inter-level travel turns spent in this place as a percentage of turns spent in this place.
 D = Turns resting spent in this place as a percentage of non-inter-level travel turns spent in this place.
 E = Turns spent auto-exploring this place as a percentage of non-inter-level travel turns spent in this place.
 F = Non-inter-level travel turns spent in this place divided by the number of levels of this place that you've seen.
                   A       B       C       D       E      F
               +-------+-------+-------+-------+-------+----------------------
         Total | 100.0 | 100.0 |   2.4 |  31.3 |  28.1 | 1275.0
       Dungeon |  97.4 |  97.3 |   2.5 |  31.6 |  28.3 | 1527.5
        Temple |   0.5 |   0.5 |   0.0 |   0.0 |  74.8 | 107.0
          Lair |   2.1 |   2.1 |   0.2 |  26.0 |   9.0 | 434.0
  Orcish Mines |   0.0 |   0.0 |   0.0 |   0.0 |   0.0 |   2.0
               +-------+-------+-------+-------+-------+----------------------

Table legend:
 A = Kills in this place as a percentage of kills in entire the game.
 B = Kills by you in this place as a percentage of kills by you in the entire game.
 C = Kills by friends in this place as a percentage of kills by friends in the entire game.
 D = Other kills in this place as a percentage of other kills in the entire game.
 E = Experience gained in this place as a percentage of experience gained in the entire game.
 F = Experience gained in this place divided by the number of levels of this place that you have seen.
                   A       B       C       D       E      F
               +-------+-------+-------+-------+-------+----------------------
         Total | 100.0 | 100.0 | 100.0 |   N/A | 100.0 | 1294.9
       Dungeon |  99.5 |  99.8 |  75.0 |   N/A |  96.6 | 1539.8
          Lair |   0.5 |   0.2 |  25.0 |   N/A |   3.4 | 702.0
               +-------+-------+-------+-------+-------+----------------------
